 Dungeon Crawl Stone Soup version 0.28.0-53-g5a82cb258f (webtiles) character file.

Game seed: 48475776643852206

21 Gabide the Insei (level 2, 0/16 HPs)
             Began as a Vine Stalker Monk on May 27, 2022.
             Was a Priest of Lugonu.
             Slain by a jackal (1 damage)
             ... on level 1 of the Dungeon.
             The game lasted 00:01:20 (811 turns).

Gabide the Insei (Vine Stalker Monk)                 Turns: 811, Time: 00:01:21

Health: 0/16       AC:  9    Str: 13    XL:     2   Next: 87%
Magic:  0/3        EV: 11    Int: 10    God:    Lugonu [***...]
Gold:   24         SH:  0    Dex: 16    Spells: 1/1 levels left

rFire   . . .      SeeInvis .     - Unarmed
rCold   . . .      Faith    .   (no shield)
rNeg    . . .      Spirit   +   b - +4 ring mail {rPois}
rPois   +          Reflect  .   (no helmet)
rElec   .          Harm     .   (no cloak)
rCorr   .          Rampage  .   (no gloves)
Will    .....                   (no boots)
Stlth   ++........              (no amulet)
HPRegen 0.05/turn               (no ring)
MPRegen 0.08/turn               (no ring)

@: no status effects
A: fangs 2, magic shield, antimagic bite, no potion heal 2
a: Renounce Religion, Depart the Abyss, Bend Space, Banish


You were on level 1 of the Dungeon.
You worshipped Lugonu.
Lugonu was most pleased with you.
You visited 1 branch of the dungeon, and saw 1 of its levels.

You collected 24 gold pieces.

Inventory:

Armour
 b - a +4 ring mail of poison resistance (worn)
Scrolls
 a - a scroll of amnesia {unknown}
 c - a scroll of blinking {unknown}


   Skills:
 - Level 2.6 Fighting
 - Level 2.4 Dodging
 - Level 2.4 Stealth
 + Level 4.0 Unarmed Combat


You had one spell level left.
You didn't know any spells.
Your spell library contained the following spells:

 Spells                   Type           Power      Damage    Failure   Level
 Ozocubu's Armour         Ice            0%         N/A       94%         3
 Metabolic Englaciation   Hex/Ice        0%         N/A       100%        5
 Simulacrum               Ice/Necr       0%         N/A       100%        6


Dungeon Overview and Level Annotations

Branches:
Dungeon (1/15)

Altars:
Lugonu


Innate Abilities, Weirdness & Mutations

You have extremely sharp teeth.
When hurt, damage is shared between your health and your magic reserves.
Your bite disrupts and absorbs the magic of your enemies.
Potions cannot restore your health.


Message History

The ball python constricts you. The goblin hits you with a +0 dagger.
* * * LOW HITPOINT WARNING * * *
The ball python's grasp on you weakens, but your attempt to escape fails.
The jackal bites you but does no damage.
The jackal closely misses you. The ball python closely misses you.
The ball python constricts you.
The jackal bites you but does no damage.
The goblin hits you but does no damage.
You escape the ball python's grasp.
The jackal closely misses you. The jackal misses you.
You miss the goblin. The jackal barely misses you.
The jackal closely misses you. The goblin hits you but does no damage.
You hit the goblin.
You kill the goblin!
Lugonu accepts your kill. The jackal barely misses you.
The jackal closely misses you.
The jackal bites you but does no damage.
The ball python bites you. The ball python completely misses you.
Your Unarmed Combat skill increases to level 4!
You are already empty-handed.
You hit the ball python.
You kill the ball python!
Lugonu accepts your kill.
The jackal barely misses you. x2; The jackal bites you.
* * * LOW HITPOINT WARNING * * *
You closely miss the quokka. The quokka closely misses you.
The jackal closely misses you. The jackal misses you.
You hit the quokka. You punch the quokka.
The quokka is moderately wounded.
The jackal bites you but does no damage.
The quokka bites you but does no damage.
The jackal bites you.
* * * LOW HITPOINT WARNING * * *
The jackal bites you but does no damage.
The quokka barely misses you.
You hit the quokka.
You kill the quokka!
Lugonu accepts your kill. The jackal bites you.
You die...

?......)..)...#####
#.# .............##
#.## .....##.....##
#_(# #### #...###
#... #.### ###.
##.# #†
######†$#### #.
#..$....)..# ##
#.......h@(# #
#.......h..#
#..........#
#..........#
#..........#
#......(...#
#....>.....#
############


You could see 2 jackals.

Vanquished Creatures
  An endoplasm (D:1)
  A goblin (D:1)
  3 hobgoblins (D:1)
  A jackal (D:1)
  2 quokkas (D:1)
  5 ball pythons (D:1)
  5 bats (D:1)
  2 kobolds (D:1)
  A rat (D:1)
21 creatures vanquished.

Notes
Turn   | Place    | Note
-------+----------+-------------------------------------------
     0 | D:1      | Gabide the Vine Stalker Monk began the quest for the Orb.
     0 | D:1      | Reached XP level 1. HP: 11/11 MP: 2/2
   121 | D:1      | Found a faded altar of an unknown god.
   180 | D:1      | Reached XP level 2. HP: 7/16 MP: 1/3
   198 | D:1      | Prayed at the altar of an unknown god.
   198 | D:1      | Became a worshipper of Lugonu the Unformed
   198 | D:1      | Reached * piety under Lugonu
   198 | D:1      | Reached ** piety under Lugonu
   198 | D:1      | Reached *** piety under Lugonu
   808 | D:1      | Reached skill level 4 in Unarmed Combat
   811 | D:1      | Slain by a jackal

Illustrated notes

Levels and vault maps discovered:
D:1:      scummos_arrival_gate, layout_rooms, basic_ecumenical_altar,
          kennysheep_doodads

Skill      XL: |  1  2 |
---------------+-------+-----
Unarmed Combat | 4 |  4.0
Fighting       | |  2.6
Dodging        | |  2.4
Stealth        | |  2.4

Action                   || total
-------------------------++-------
Melee: Unarmed           ||    53
       Bite              ||    13
       Punch             ||     3
Armor: Robe              ||    13
       Ring mail         ||    18
Dodge: Dodged            ||    66
